 Dungeon Crawl Stone Soup version 0.29.0-4-gdea44cf6ec (webtiles) character file.

Game seed: 4828529357906721762

107 qw the Chopper (level 4, -2/35 (39) HPs)
             Began as a Barachi Chaos Knight on Sept 4, 2022.
             Killed from afar by Blork the orc (3 damage)
             ... with a magic dart
             ... on level 4 of the Dungeon.
             The game lasted 00:01:49 (4282 turns).

qw the Chopper (Barachi Chaos Knight)               Turns: 4282, Time: 00:01:50

HP:   -2/35 (39)    AC:  5    Str: 19 (21) XL:     4   Next: 86%
MP:   0/4           EV:  7    Int: 12 (13) God:
Gold: 231           SH:  0    Dex:  9 (11) Spells: 3/3 levels left

rFire   . . .      SeeInvis .   Y - +0 hand axe (chaos)
rCold   + . .      Faith    .   (no shield)
rNeg    . . .      Spirit   +   b - +0 chain mail
rPois   .          Reflect  .   k - +0 helmet
rElec   .          Harm     .   (no cloak)
rCorr   .          Rampage  .   (no gloves)
Will    .....                   (no boots)
Stlth   ..........              e - amulet of guardian spirit
HPRegen 0.11/turn               f - +6 ring of strength
MPRegen 0.09/turn               (no ring)

@: about to teleport, heavily drained, slow
A: amphibious, slowness 1, strong legs 1, +LOS, cold resistance 1, deformed
body, deterioration 1, robust 1, wild magic 1, evolution 1
a: Hop


You were on level 4 of the Dungeon.
You visited 1 branch of the dungeon, and saw 4 of its levels.

You collected 231 gold pieces.


Innate Abilities, Weirdness & Mutations

You are amphibious.
You cover ground slowly.
You can hop short distances.
You have an extended range of vision and can be seen from far away.
Your flesh is cold resistant. (rC+)
Armour fits poorly on your strangely shaped body.
Your body sometimes deteriorates upon taking damage.
You are robust. (+10% HP)
Your spells are a little harder to cast, but a little more powerful.
You have hidden genetic potential.


   Skills:
 + Level 3.6 Fighting
 - Level 6.0 Axes
 - Level 2.4 Armour
 - Level 1.1 Dodging


You had 3 spell levels left.
You didn't know any spells.
Your spell library was empty.

Inventory:

Hand Weapons
 j - a +0 mace
 Y - a +0 hand axe of chaos (weapon)
Armour
 b - a +0 chain mail (worn)
 k - a +0 helmet (worn)
Jewellery
 e - an amulet of guardian spirit (around neck)
 f - a +6 ring of strength (left hand)
 g - an amulet of the acrobat
Scrolls
 a - a scroll of teleportation
Potions
 d - a potion of flight {unknown}
 i - a potion of curing {unknown}
 l - a potion of berserk rage {unknown}
 m - a potion of invisibility {unknown}
 n - a potion of heal wounds {unknown}
 q - a potion of haste {unknown}
Miscellaneous
 c - a piece from Xom's chessboard (15/15)

Dungeon Overview and Level Annotations

Branches:
Dungeon (4/15)
 Temple: D:4-7

Altars:

Annotations:
D:4 Blork the orc


Message History

You hit Blork the orc but do no damage.
Blork the orc easily resists.
Your punch misses Blork the orc.
Blork the orc hits you with a +0 scimitar.
Blork the orc hits you but does no damage.
You barely miss Blork the orc. Blork the orc casts a spell at you.
The puff of frost hits you. You resist.
You hit Blork the orc.
Blork the orc seems to grow stronger.
Blork the orc is lightly wounded.
Blork the orc hits you but does no damage.
Blork the orc screams, "I'll rip your head off!"
Blork the orc completely misses you.
You slash Blork the orc!
Blork the orc suddenly seems more agile.
Blork the orc is moderately wounded.
Blork the orc gestures at you while chanting.
The puff of frost hits you. You resist.
You hit Blork the orc.
Blork the orc seems to slow down.
Blork the orc is moderately wounded.
Blork the orc barely misses you.
You slash Blork the orc!
Blork the orc resists with some effort.
Blork the orc is severely wounded.
Blork the orc closely misses you.
You barely miss Blork the orc.
Blork the orc is severely wounded.
Blork the orc is no longer moving slowly.
Blork the orc hits you with a +0 scimitar.
You closely miss Blork the orc.
Blork the orc is severely wounded.
Blork the orc gestures at you while chanting.
The puff of flame misses you.
Blork the orc hits you with a +0 scimitar!!
Ouch! That really hurt!
4282 ||| READING 2 scrolls of teleportation.
As you read the scroll of teleportation, it crumbles to dust.
You feel strangely unstable.
Blork the orc points at you and mumbles some strange words.
The magic dart hits you.
You die...
Xom guffaws!

..........#
#.##.......#.
.####.###.#
#.###..}..### #.#
#.###########.####777##
#.#
#................#####
#.#
##################.#.#
#.# #.#.#### ...
#############.#.....
#.#
#...............####
#.# #.#@#######...#.# #
#o# #.###.# 7.7 #.# #.#
7.7 #.# #.#### ... #.#
#.(..# 7.7 #.# #....#
7.7 ..# ##...# #.# ..#
##.## ..# #..#####.##


You could see Blork the orc (fast, strong, agile).

Vanquished Creatures
  An adder (D:2)
  3 worms
  3 dart slugs (D:1)
  8 endoplasms
  7 goblins
  4 hobgoblins
  10 jackals
  7 quokkas
  7 ball pythons
  8 bats
  7 frilled lizards
  5 kobolds
  9 rats
79 creatures vanquished.

Vanquished Creatures (others)
  A goblin zombie (D:1)
1 creature vanquished.

Grand Total: 80 creatures vanquished

Notes
Turn   | Place    | Note
-------+----------+-------------------------------------------
     0 | D:1      | qw the Barachi Chaos Knight began the quest for the Orb.
     0 | D:1      | Reached XP level 1. HP: 18/18 MP: 1/1
     0 | D:1      | 0 ||| qw: Version: 0.1-a-103-gd6f5d3a
     0 | D:1      | 0 ||| qw: Game counter: 5516
     0 | D:1      | 0 ||| qw: Always use a shield: true
     0 | D:1      | 0 ||| qw: God list: Okawaru
     0 | D:1      | 0 ||| qw: Allow faded altars: false
     0 | D:1      | 0 ||| qw: Do Orc after D:15 true
     0 | D:1      | 0 ||| qw: Do second Lair branch before Depths: true
     0 | D:1      | 0 ||| qw: Lair rune preference: random
     0 | D:1      | 0 ||| qw: Plans: Normal
     0 | D:1      | 0 ||| PLANNING D:1-11
     0 | D:1      | Fell from the grace of Xom
    41 | D:1      | 41 ||| Stepping ~*~*~tactically~*~*~ (stealth).
    43 | D:1      | 43 ||| Stepping ~*~*~tactically~*~*~ (stealth).
   183 | D:1      | Reached XP level 2. HP: 24/24 MP: 2/2
   188 | D:1      | XOM: give mutation
   188 | D:1      | Gained mutation: Your flesh is cold resistant. (rC+) [Xom's
                  | grace]
   260 | D:1      | Reached skill level 4 in Axes
   261 | D:1      | 261 ||| Stepping ~*~*~tactically~*~*~ (hiding).
   262 | D:1      | 262 ||| Stepping ~*~*~tactically~*~*~ (hiding).
   263 | D:1      | 263 ||| Stepping ~*~*~tactically~*~*~ (hiding).
   349 | D:1      | XOM: give mutations
   349 | D:1      | Gained mutation: Your spells are a little harder to cast,
                  | but a little more powerful. [Xom's grace]
   349 | D:1      | Gained mutation: You have hidden genetic potential. [Xom's
                  | grace]
   400 | D:1      | XOM: give mutations
   400 | D:1      | Gained mutation: Armour fits poorly on your strangely
                  | shaped body. [Xom's mischief]
   400 | D:1      | Gained mutation: You are frail. (-10% HP) [Xom's mischief]
   400 | D:1      | Lost mutation: You are frail. (-10% HP) [Xom's mischief]
   400 | D:1      | Gained mutation: Your body sometimes deteriorates upon
                  | taking damage. [Xom's mischief]
   571 | D:1      | Found a faded altar of an unknown god.
   606 | D:1      | 606 ||| Stepping ~*~*~tactically~*~*~ (stealth).
   613 | D:1      | Reached XP level 3. HP: 27/29 MP: 3/3
   668 | D:1      | 668 ||| Stepping ~*~*~tactically~*~*~ (stealth).
   680 | D:1      | 680 ||| Stepping ~*~*~tactically~*~*~ (stealth).
   700 | D:1      | Gained mutation: You expend magic power (3 MP) to
                  | strengthen your wands. [hidden potential]
   724 | D:1      | 724 ||| Stepping ~*~*~tactically~*~*~ (stealth).
   924 | D:1      | 924 ||| Stepping ~*~*~tactically~*~*~ (stealth).
   925 | D:1      | 925 ||| Stepping ~*~*~tactically~*~*~ (stealth).
  1146 | D:1      | 1146 ||| UPGRADING to +0 ring mail.
  1156 | D:1      | 1156 ||| DROPPING +2 leather armour.
  1157 | D:1      | 1157 ||| UPGRADING to amulet of guardian spirit.
  1162 | D:1      | 1162 ||| READING 2 scrolls labelled UCLACK BILA.
  1206 | D:2      | 1206 ||| FLEEEEING.
  1207 | D:2      | 1207 ||| FLEEEEING.
  1208 | D:2      | 1208 ||| FLEEEEING.
  1210 | D:2      | 1210 ||| STAIRDANCE
  1342 | D:2      | 1342 ||| STAIRDANCE
  1369 | D:2      | Reached skill level 5 in Axes
  1369 | D:2      | 1369 ||| STAIRDANCE
  1482 | D:2      | 1482 ||| FLEEEEING.
  1484 | D:2      | 1484 ||| STAIRDANCE
  1701 | D:2      | 1701 ||| Stepping ~*~*~tactically~*~*~ (stealth).
  1755 | D:2      | Reached XP level 4. HP: 36/36 MP: 4/4
  1791 | D:2      | 1791 ||| DROPPING +0 club.
  1940 | D:2      | Gained mutation: You are robust. (+10% HP) [hidden
                  | potential]
  1940 | D:2      | Lost mutation: You have hidden genetic potential. [hidden
                  | potential expressed]
  1948 | D:2      | XOM: draining
  2062 | D:2      | XOM: stat loss: -2 Dex (9/11)
  2378 | D:2      | 2378 ||| UPGRADING to +6 ring of strength.
  2379 | D:2      | 2379 ||| READING scroll labelled WADARPH WEFAGG.
  2380 | D:2      | 2380 ||| READING scroll labelled IRIYRE CUEF.
  2381 | D:2      | 2381 ||| READING scroll labelled SAKOCL EGADIDOEVUL.
  2382 | D:2      | 2382 ||| READING scroll labelled LOAJ HOFUFFEPH.
  2483 | D:2      | 2483 ||| READING scroll labelled SYMUNU NAWILIN.
  2655 | D:3      | 2655 ||| Stepping ~*~*~tactically~*~*~ (stealth).
  2793 | D:3      | XOM: noise
  2806 | D:3      | HP: 8/34 [something (8)]
  2807 | D:3      | 2807 ||| READING 2 scrolls of teleportation.
  2808 | D:3      | HP: 3/34 [something (5)]
  2911 | D:3      | 2911 ||| Invisible monster not found???
  3229 | D:3      | XOM: summons 2 hostile shadow creatures
  3834 | D:3      | XOM: give mutations
  3834 | D:3      | Gained mutation: You have hidden genetic potential. [Xom's
                  | mischief]
  3834 | D:3      | Lost mutation: You expend magic power (3 MP) to strengthen
                  | your wands. [Xom's mischief]
  4032 | D:3      | 4032 ||| UPGRADING to +0 chain mail.
  4042 | D:3      | 4042 ||| DROPPING +0 ring mail.
  4043 | D:3      | 4043 ||| UPGRADING to +0 helmet.
  4048 | D:3      | 4048 ||| READING scroll labelled ARAJUNIASA.
  4049 | D:3      | 4049 ||| READING scroll labelled COJITOUNW FUMP.
  4204 | D:4      | Reached skill level 6 in Axes
  4267 | D:4      | Noticed Blork the orc
  4268 | D:4      | 4268 ||| Stepping ~*~*~tactically~*~*~ (hiding).
  4281 | D:4      | HP: 1/35 [Blork the orc/+0 scimitar (19)]
  4282 | D:4      | 4282 ||| READING 2 scrolls of teleportation.
  4282 | D:4      | Killed from afar by Blork the orc

Levels and vault maps discovered:
D:1:      nagdon_arrival_zigzag_paths, layout_basic,
          hellmonk_ecumenical_altar_arch_garden, minmay_misc_feat_columns,
          kennysheep_minor_cross
D:2:      layout_basic, minivault_25
D:3:      layout_basic
D:4:      layout_loops_ring, minmay_tree_intersection, kennysheep_nub,
          grunt_decor_cap, uniq_blork_the_orc

Skill      XL: |  1  2  3  4 |
---------------+-------------+-----
Axes           | 4 5 6 |  6.0
Fighting       | |  3.6
Armour         | |  2.4
Dodging        | |  1.1

Action                   |  1- 3 |  4- 6 || total
-------------------------+-------+-------++-------
Melee: Hand axe          |   133 |   123 ||   256
       Punch             |     1 |       ||     1
Invok: Renounce Religion |     1 |       ||     1
  Use: Scroll            |     1 |     9 ||    10
Armor: Leather armour    |    18 |       ||    18
       Ring mail         |     7 |    41 ||    48
       Chain mail        |       |     5 ||     5
Dodge: Dodged            |    69 |    69 ||   138

Table legend:
 A = Non-vault XP
 B = Vault XP
 C = Vault XP percentage of total XP
 D = Non-vault monster count
 E = Vault monster count
 F = Vault count percentage of total count
                 A         B        C        D         E       F
            +---------+---------+-------+---------+---------+-------
      Total |     154 |       0 |   0.0 |      79 |       0 |   0.0
            +---------+---------+-------+---------+---------+-------
        D:1 |      62 |       0 |   0.0 |      35 |       0 |   0.0
        D:2 |      53 |       0 |   0.0 |      24 |       0 |   0.0
        D:3 |      33 |       0 |   0.0 |      17 |       0 |   0.0
        D:4 |       6 |       0 |   0.0 |       3 |       0 |   0.0
            +---------+---------+-------+---------+---------+-------
